 Dungeon Crawl Stone Soup version 0.26.1-13-g052cdd8df3 (webtiles) character file.

Game seed: 2115704535599913252

2541 AarnesTheHuman the Cleaver (level 9, -4/73 HPs)
             Began as a Hill Orc Fighter on Jan 1, 2022.
             Slain by a death yak (14 damage)
             ... on level 8 of the Dungeon on Jan 4, 2022.
             The game lasted 00:16:41 (9535 turns).

AarnesTheHuman the Cleaver (Hill Orc Fighter)       Turns: 9535, Time: 00:16:42

Health: -4/73      AC: 14    Str: 22    XL:     9   Next: 55%
Magic:  9/9        EV:  5    Int:  8    God:
Gold:   648        SH: 11    Dex: 10    Spells: 8/8 levels left

rFire    + . .     SeeInvis .   a - +0 war axe
rCold    . . .     Faith    .   c - +0 kite shield
rNeg     . . .     Spirit   .   G - +0 plate armour
rPois    +         Reflect  .   f - +0 helmet
rElec    .         Harm     .   (no cloak)
rCorr    .         Rampage  .   D - +0 pair of gloves
Will     .....                  (no boots)
Stlth    ..........             (no amulet)
HPRegen  0.22/turn              n - ring of poison resistance
MPRegen  0.11/turn              F - ring of protection from fire

@: no status effects
A: no striking features
a: no special abilities


You were on level 8 of the Dungeon.
You visited 1 branch of the dungeon, and saw 8 of its levels.
You also visited: Sewer.

You collected 648 gold pieces.

Inventory:

Hand Weapons
 a - a +0 war axe (weapon)
 b - a +0 short sword of venom
 k - a +1 dagger of pain
 J - a +0 hand crossbow
Missiles
 l - 206 stones
 m - 31 poisoned darts (quivered)
 r - 3 boomerangs
Armour
 c - a +0 kite shield (worn)
 f - a +0 helmet (worn)
 o - a +0 scale mail
 D - a +0 pair of gloves (worn)
 G - a +0 plate armour (worn)
Jewellery
 n - a ring of poison resistance (left hand)
 F - a ring of protection from fire (right hand)
Wands
 t - a wand of iceblast (11)
 x - a wand of disintegration (15)
 y - a wand of polymorph (12)
Scrolls
 i - 3 scrolls of identify
 j - 3 scrolls of fear {unknown}
 s - 6 scrolls of teleportation
 u - 3 scrolls of fog
 A - a scroll of enchant armour {unknown}
 B - 2 scrolls of amnesia
 C - 3 scrolls of remove curse
 E - a scroll of torment {unknown}
 I - a scroll of silence {unknown}
Potions
 d - a potion of might
 e - a potion of heal wounds
 g - 2 potions of lignification
 h - a potion of flight
 p - 2 potions of haste
 q - 6 potions of curing
 v - 2 potions of magic
 w - 2 potions of brilliance
 z - a potion of resistance
 H - a potion of attraction {unknown}


   Skills:
 - Level 4.8 Fighting
 - Level 9.6 Axes
 - Level 4.4 Armour
 + Level 8.5 Shields
 + Level 6.4 Evocations


You had 8 spell levels left.
You didn't know any spells.
Your spell library was empty.

Dungeon Overview and Level Annotations

Branches:
Dungeon (8/15)             Temple (0/1) D:5            Lair (0/6) D:8
  Sewer (visited)

Altars:
Qazlal
Wu Jian

Shops:
D:7 }

Annotations:
D:1 exclusion: downstairs
D:5 Sigmund


Message History

A rat comes into view.
The death yak gores you!
* * * LOW HITPOINT WARNING * * *
You are too injured to fight recklessly!
You are too injured to fight recklessly!
You barely miss the death yak. You slash the death yak!
You hit the hell rat but do no damage. The hell rat bites you.
* * * LOW HITPOINT WARNING * * *
A howler monkey comes into view.
An ogre comes into view. It is wielding a +0 giant club.
A rat comes into view.
You block the death yak's attack. The death yak gores you.
* * * LOW HITPOINT WARNING * * *
The quokka bites you but does no damage.
The hell rat bites you but does no damage.
The howler monkey howls!
You hit the death yak but do no damage. You hit the quokka.
You kill the quokka!
You hit the hell rat. You slash the death yak! The death yak gores you!
You die...

........#####.#..# #.#
#. ........# #.##.##
#.# #. ........#
#.##..###.# #.
........# #.........#
#. ........#
#####..#### #.
........##########.##
## ..................#
# ..................##
# .....hY@.....>.....#
# ......Yr†........#.#
#
.....Y...........#.##
#
....h............#..#
#
.h#..............##.#
#
.O.rr............##.#
#
.rr...#############.##
# ...... ########..# #
........#.# #


You could see 3 death yaks, an ogre, 3 howler monkeys, 2 hell rats and 3 rats.

Vanquished Creatures
  A manticore (D:8)
  A wraith (D:7)
  Menkaure (D:7)
  A water moccasin (D:6)
  A phantom (D:6)
  An ice beast (D:5)
  2 ogres (D:8)
  4 centaurs
  A bullfrog (D:7)
  A howler monkey (D:5)
  An orc priest (D:6)
  A hound (D:5)
  6 orc wizards
  A bullfrog skeleton (D:8)
  Natasha (thrice) (D:4)
  5 iguanas
  5 worker ants
  2 hound zombies
  A hound skeleton (D:8)
  A worker ant zombie (D:8)
  A howler monkey skeleton (D:7)
  4 gnolls
  13 adders
  6 river rats (Sewer)
  2 white imps
  4 oozes
  An adder skeleton (D:4)
  5 worms
  A dart slug (D:2)
  4 leopard geckos
  16 orcs
  6 giant cockroaches
  8 goblins
  A hobgoblin (D:1)
  25 jackals
  3 kobolds
  2 quokkas
  4 ball pythons
  3 bats (D:3)
  13 frilled lizards
  A jackal zombie (D:7)
  2 leopard gecko skeletons
  13 rats
178 creatures vanquished.

Notes
Turn   | Place    | Note
-------+----------+-------------------------------------------
     0 | D:1      | AarnesTheHuman the Hill Orc Fighter began the quest for the
                  | Orb.
     0 | D:1      | Reached XP level 1. HP: 19/19 MP: 1/1
   112 | D:1      | Reached skill level 3 in Axes
   589 | D:1      | Reached XP level 2. HP: 21/26 MP: 2/2
  1105 | D:2      | Reached skill level 4 in Axes
  1161 | D:2      | Reached XP level 3. HP: 17/31 MP: 3/3
  1683 | D:2      | Reached skill level 5 in Axes
  1779 | D:2      | Reached XP level 4. HP: 23/39 MP: 4/4
  2033 | D:2      | Reached skill level 6 in Axes
  2681 | D:3      | Reached XP level 5. HP: 43/45 MP: 5/5
  2894 | D:3      | Reached skill level 7 in Axes
  3224 | D:3      | Found an ornate altar of the Wu Jian Council.
  3376 | D:4      | Noticed Natasha
  3387 | D:4      | Killed Natasha
  3462 | D:4      | Noticed Natasha
  3475 | D:4      | Killed Natasha
  3476 | D:4      | Reached skill level 8 in Axes
  3476 | D:4      | Reached XP level 6. HP: 9/51 MP: 6/6
  3485 | D:4      | Noticed Natasha
  3844 | D:4      | Killed Natasha
  3923 | D:4      | Found a glowing drain.
  3933 | Sewer    | Entered a sewer
  4190 | Sewer    | Reached skill level 9 in Axes
  5159 | D:5      | Entered Level 5 of the Dungeon
  5188 | D:5      | Reached XP level 7. HP: 58/58 MP: 7/7
  5701 | D:5      | Found a staircase to the Ecumenical Temple.
  6073 | D:5      | Noticed Sigmund
  6279 | D:6      | Reached skill level 1 in Evocations
  6279 | D:6      | Reached XP level 8. HP: 23/67 MP: 8/8
  6543 | D:6      | Reached skill level 5 in Shields
  7072 | D:6      | Found a stormy altar of Qazlal.
  7421 | D:6      | Upgraded the game from 0.26.1-12-g5ba1501909 to
                  | 0.26.1-13-g052cdd8df3
  7620 | D:7      | Noticed Menkaure
  7620 | D:7      | Noticed a wraith
  7625 | D:7      | Killed Menkaure
  7628 | D:7      | Killed a wraith
  7868 | D:7      | Reached XP level 9. HP: 56/73 MP: 9/9
  8257 | D:7      | Found Zurgh's Gadget Shop.
  8288 | D:7      | Reached skill level 5 in Evocations
  8805 | D:8      | Noticed a manticore
  8820 | D:8      | Killed a manticore
  9525 | D:8      | Noticed a death yak
  9527 | D:8      | Found a staircase to the Lair.
  9527 | D:8      | Noticed a death yak
  9528 | D:8      | Noticed a death yak
  9535 | D:8      | Slain by a death yak

Illustrated notes

Levels and vault maps discovered:
D:1:      dpeg_arrival_rooms_a, layout_basic
D:2:      layout_loops_ring
D:3:      layout_basic, overflow_temple_1_default
D:4:      layout_loops_corners, gup_sewer_entry_pipe, uniq_natasha
D:5:      layout_basic, minmay_temple_entry_slanted, uniq_sigmund
D:6:      layout_loops_corners, kennysheep_mini
D:7:      layout_loops_ring, serial_shops, shop_coins, uniq_menkaure
D:8:      layout_basic, dpeg_lair_monsters

Skill      XL: |  1  2  3  4  5  6  7  8  9 |
---------------+----------------------------+-----
Axes           | 3 4 5 6 8 9 |  9.6
Fighting       | 4 |  4.8
Shields        | 4 7 8 |  8.5
Armour         | 4 |  4.4
Evocations     | 1 4 6 |  6.4

Action                   |  1- 3 |  4- 6 |  7- 9 || total
-------------------------+-------+-------+-------++-------
Melee: War axe           |    25 |   240 |   324 ||   589
       Short sword       |    40 |    72 |       ||   112
Throw: Dart              |       |    11 |       ||    11
  Use: Scroll            |       |     9 |     6 ||    15
Armor: Scale mail        |    29 |   128 |    59 ||   216
       Plate armour      |       |       |    65 ||    65
Dodge: Dodged            |    20 |    86 |    72 ||   178
Block: Kite shield       |    32 |   150 |   155 ||   337
